 Dungeon Crawl Stone Soup version 0.28.0-43-g3370ac3207 (webtiles) character file.

Game seed: 6652646135886505200

291 croobank the Skirmisher (level 6, -8/56 HPs)
             Began as a Hill Orc Fighter on Mar 29, 2022.
             Killed by an exploding adder (9 damage)
             ... ignited by their inner flame
             ... on level 3 of the Dungeon.
             The game lasted 00:10:04 (3502 turns).

croobank the Skirmisher (Hill Orc Fighter)          Turns: 3502, Time: 00:10:05

Health: -8/56      AC:  9    Str: 20 (21) XL:     6   Next: 32%
Magic:  6/6        EV:  9    Int:  7 (8)  God:
Gold:   183        SH:  4    Dex:  9 (10) Spells: 5/5 levels left

rFire   + . .      SeeInvis .   a - +0 war axe
rCold   + . .      Faith    .   c - +0 buckler
rNeg    . . .      Spirit   .   r - +0 scale mail
rPois   +          Reflect  .   (no helmet)
rElec   +          Harm     .   i - +1 cloak
rCorr   +          Rampage  .   (no gloves)
Will    .....                   (no boots)
Stlth   ..........              (no amulet)
HPRegen 0.18/turn               (no ring)
MPRegen 0.10/turn               (no ring)

@: resistant, attractive
A: no striking features
a: no special abilities


You were on level 3 of the Dungeon.
You visited 1 branch of the dungeon, and saw 4 of its levels.

You collected 183 gold pieces.

Inventory:

Hand Weapons
 a - a +0 war axe (weapon)
 b - a +0 hunting sling
Missiles
 e - 139 stones (quivered)
 k - 31 sling bullets
 l - 24 bolts
 n - 5 boomerangs
 v - 15 arrows
Armour
 c - a +0 buckler (worn)
 i - a +1 cloak (worn)
 r - a +0 scale mail (worn)
Jewellery
 g - a ring of fire
Scrolls
 s - a scroll of teleportation {unknown}
 u - a scroll of magic mapping {unknown}
Potions
 j - a potion of cancellation
 t - a potion of attraction


   Skills:
 + Level 5.1 Fighting
 + Level 4.8 Axes
 + Level 4.7 Armour
 + Level 4.6 Shields


You had 5 spell levels left.
You didn't know any spells.
Your spell library contained the following spells:

 Spells                   Type           Power      Damage    Failure   Level
 Freeze                   Ice            0%         1d3       86%         1
 Sublimation of Blood     Necr           0%         N/A       94%         2
 Frozen Ramparts          Ice            0%         1d2       99%         3
 Stone Arrow              Conj/Erth      0%         3d7       99%         3
 Animate Armour           Summ/Erth      0%         N/A       100%        4
 Hailstorm                Conj/Ice       0%         3d3       100%        4
 Petrify                  Tmut/Erth      0%         N/A       100%        4
 Irradiate                Conj/Tmut      0%         3d14      100%        5
 Lehudib's Crystal Spear  Conj/Erth      0%         10d2      100%        8


Dungeon Overview and Level Annotations

Branches:
Dungeon (4/15)
 Temple: D:4-7

Altars:
Hepliaklqana
Ru

Shops:
D:3 (


Message History

* * * LOW HITPOINT WARNING * * *
You feel sick.
* * * LOW HITPOINT WARNING * * *
You feel sick. You block the adder's attack.
As you read the scroll labelled VUKIESKIYL, it crumbles to dust.
You hear a loud clanging noise!
It was a scroll of noise.
* * * LOW HITPOINT WARNING * * *
You feel sick. The adder barely misses you.
As you read the scroll labelled QEYHYLA FITUI, it crumbles to dust.
The creatures around you are filled with an inner flame!
It was a scroll of immolation.
* * * LOW HITPOINT WARNING * * *
You feel sick. The adder bites you but does no damage.
It was a potion of resistance.
You feel protected.
* * * LOW HITPOINT WARNING * * *
You feel sick. You block the adder's attack. The adder barely misses you.
It was a potion of degeneration.
There was something very wrong with that liquid.
You feel weakened.
You feel dopey.
You feel clumsy.
* * * LOW HITPOINT WARNING * * *
You feel sick. The adder barely misses you.
It was a potion of attraction.
You feel attractive to monsters.
* * * LOW HITPOINT WARNING * * *
You feel sick.
You are no longer poisoned.
You block the adder's attack.
Okay, then.
As you read the scroll labelled RILYN UTTE, it crumbles to dust.
You feel a surge of unholy energy.
The gnoll convulses!
Flame seeps out of the gnoll.
It was a scroll of torment.
The adder closely misses you.
The gnoll is engulfed in blazing flames.
The gnoll explodes!
The fiery explosion engulfs the adder!!
The adder explodes!
The fiery explosion engulfs you! You resist.
You die...

.###.#.# ...#.#.#
.#.#.#.# .#.#'#.######
.#..........#
###....)....#
............#
............############
..#..........§○§@......#
###.........#########.##
#....>....# #...#.#
#.....g...# #.#.#.#
##'#.###### #.#.#.#
#.#.# #.#.#.# #.#.#
#.#.#.#
#.#.##########.#.#.#
#.#..........#.#.#.#


There were no monsters in sight!

Vanquished Creatures
  Grinder (D:4)
  An iguana (D:4)
  An adder (D:3)
  2 gnolls
  4 dart slugs
  An orc (D:3)
  8 ball pythons
  6 endoplasms
  2 giant cockroaches
  4 goblins
  6 hobgoblins
  9 jackals
  2 quokkas
  2 bats
  A frilled lizard (D:1)
  A kobold (D:1)
  3 rats
54 creatures vanquished.

Vanquished Creatures (others)
  4 plants (D:3)
  2 withered plants (D:2)
6 creatures vanquished.

Grand Total: 60 creatures vanquished

Notes
Turn   | Place    | Note
-------+----------+-------------------------------------------
     0 | D:1      | croobank the Hill Orc Fighter began the quest for the Orb.
     0 | D:1      | Reached XP level 1. HP: 19/19 MP: 1/1
   413 | D:1      | Reached XP level 2. HP: 21/27 MP: 2/2
   639 | D:1      | Reached skill level 4 in Fighting
   645 | D:1      | Reached XP level 3. HP: 29/33 MP: 3/3
  1174 | D:2      | Found a faded altar of an unknown god.
  2017 | D:3      | Found a hazy altar of Hepliaklqana.
  2024 | D:3      | Reached XP level 4. HP: 40/40 MP: 4/4
  2080 | D:3      | Found a sacrificial altar of Ru.
  2372 | D:3      | Found Vogeki's Antique Weapon Shop.
  2910 | D:4      | Noticed Grinder
  2917 | D:4      | Paralysed by Grinder for 6 turns
  3228 | D:4      | Paralysed by Grinder for 5 turns
  3242 | D:4      | Paralysed by Grinder for 7 turns
  3250 | D:4      | Killed Grinder
  3251 | D:4      | Reached skill level 5 in Fighting
  3251 | D:4      | Reached XP level 5. HP: 28/48 MP: 5/5
  3251 | D:4      | Reached XP level 6. HP: 33/56 MP: 6/6
  3499 | D:3      | HP: 2/56 [poisoned by an adder]
  3502 | D:3      | Killed by an exploding adder... ignited by their inner
                  | flame

Illustrated notes

Levels and vault maps discovered:
D:1:      lightli_iron_boxes, layout_loops_ring
D:2:      layout_basic, ebering_ecumenical_altar_petrified, minmay_pentomino_t4
D:3:      layout_basic, nicolae_hepliaklqana_hazy_memory, hangedman_ru_absence,
          serial_curves, eino_curves_02, eino_curves_04, serial_shops,
          shop_statue
D:4:      layout_cave_pods, lemuel_crystal_altar, minmay_temple_entry_junction,
          minmay_pentangle, uniq_grinder

Skill      XL: |  1  2  3  4 |
---------------+-------------+-----
Axes           | 3 4 |  4.8
Fighting       | 4 5 |  5.1
Armour         | 4 |  4.7
Shields        | 4 |  4.6

Action                   |  1- 3 |  4- 6 || total
-------------------------+-------+-------++-------
Melee: War axe           |   106 |    45 ||   151
 Fire: Hunting sling     |       |     7 ||     7
  Use: Scroll            |       |     7 ||     7
       Potion            |       |     7 ||     7
Armor: Scale mail        |    52 |    20 ||    72
       Skin              |       |     8 ||     8
Dodge: Dodged            |    43 |    28 ||    71
Block: Buckler           |    36 |    21 ||    57
